 Dungeon Crawl Stone Soup version 0.23-a0-565-g3e74e4c (webtiles) character file.

23 galech the Skirmisher (level 2, -3/24 HPs)
             Began as a Demonspawn Fighter on Dec 13, 2018.
             Slain by a worm (7 damage)
             ... on level 2 of the Dungeon.
             The game lasted 00:01:15 (861 turns).

galech the Skirmisher (Demonspawn Fighter)           Turns: 861, Time: 00:01:15

Health: -3/24      AC:  7    Str: 21    XL:     2   Next: 75%
Magic:  2/2        EV:  8    Int: 13    God:
Gold:   28         SH: 10    Dex:  9    Spells: 1/1 levels left

rFire    . . .     SeeInvis .   a - +0 war axe
rCold    . . .     Gourm    .   c - +1 shield
rNeg     . . .     Faith    .   i - +0 ring mail (curse)
rPois    .         Spirit   .   (no helmet)
rElec    .         Reflect  .   (no cloak)
rCorr    .         Harm     .   (no gloves)
MR       .....                  (no boots)
Stlth    ..........             (no amulet)
HPRegen  0.08/turn              m - -3 ring of dexterity (curse)
MPRegen  0.08/turn              n - +4 ring of intelligence

@: mighty
A: iridescent scales 1
a: no special abilities


You were on level 2 of the Dungeon.
You were not hungry.

You visited 1 branch of the dungeon, and saw 2 of its levels.

You collected 28 gold pieces.

Inventory:

Hand Weapons
 a - a +0 war axe (weapon)
Armour
 b - a +0 scale mail
 c - a +1 shield (worn)
 i - a cursed +0 ring mail (worn)
 k - a +0 chain mail
Jewellery
 h - an uncursed ring of ice
 m - a cursed -3 ring of dexterity (left hand)
 n - a +4 ring of intelligence (right hand)
Potions
 j - a potion of berserk rage {unknown}
 l - a potion of curing {unknown}
Comestibles
 f - 2 rations
 g - 3 chunks of flesh


   Skills:
 + Level 3.1 Fighting
 + Level 2.1 Axes
 + Level 3.0 Armour
 + Level 0.1 Dodging
 + Level 3.0 Shields


You had one spell level left.
You didn't know any spells.
Your spell library was empty.

Dungeon Overview and Level Annotations

Branches:
Dungeon (2/15)

Altars:


Innate Abilities, Weirdness & Mutations

You are partially covered in iridescent scales. (AC +2)


Message History

* * * LOW HITPOINT WARNING * * *
You are too injured to fight recklessly!
You are too injured to fight recklessly!
You are too injured to fight recklessly!
You are too injured to fight recklessly!
You are too injured to fight recklessly!
You are too injured to fight recklessly!
You are too injured to fight recklessly!
You are too injured to fight recklessly!
You are too injured to fight recklessly!
You are too injured to fight recklessly!
You are too injured to fight recklessly!
You are too injured to fight recklessly!
You are too injured to fight recklessly!
You are too injured to fight recklessly!
You are too injured to fight recklessly!
You are too injured to fight recklessly!
You feel very mighty all of a sudden. You block the adder's attack.
The worm bites you!
You die...

#.#######.##..####
.......>.).......#
#
#.##.####.##..####
.............#
........##..#
##.[###.##..# #.
#.##..#
#..###.##..#
......S@...#
#..###w##..# ...
...!.# ###. #....#
.. ......# ..
.....## #.. #w...#
... ....#


You could see a worm and an adder.

Vanquished Creatures
  A dart slug (D:1)
  3 giant cockroaches (D:1)
  3 goblins
  2 hobgoblins (D:1)
  3 bats (D:1)
  5 frilled lizards (D:1)
  3 kobolds (D:1)
  2 rats (D:1)
22 creatures vanquished.

Notes
Turn   | Place    | Note
-------+----------+-------------------------------------------
     0 | D:1      | galech the Demonspawn Fighter began the quest for the Orb.
     0 | D:1      | Reached XP level 1. HP: 18/18 MP: 1/1
   201 | D:1      | Gained mutation: You are partially covered in iridescent
                  | scales. (AC +2) [demonic ancestry]
   201 | D:1      | Reached XP level 2. HP: 19/24 MP: 2/2
   861 | D:2      | Slain by a worm

Vault maps used:
D:1:      minmay_arrival_five_plusses
D:2:      nemelex_altar_shiori, first_ration, kennysheep_path_1,
          supply_closet_lemuel

Skill      XL: |  1  2 |
---------------+-------+-----
Armour         | 3 |  3.0
Axes           | 2 |  2.1
Shields        | 3 |  3.0
Fighting       | |  3.1
Dodging        | |  0.1

Action                   || total
-------------------------++-------
Melee: War axe           ||    54
  Use: Scroll            ||     1
       Potion            ||     1
Armor: Scale mail        ||    26
       Ring mail         ||     3
Dodge: Dodged            ||    22
Block: Shield            ||    23

Table legend:
 A = Non-vault XP
 B = Vault XP
 C = Vault XP percentage of total XP
 D = Non-vault monster count
 E = Vault monster count
 F = Vault count percentage of total count
                 A         B        C        D         E       F
            +---------+---------+-------+---------+---------+-------
      Total |      34 |       0 |   0.0 |      22 |       0 |   0.0
            +---------+---------+-------+---------+---------+-------
        D:1 |      32 |       0 |   0.0 |      21 |       0 |   0.0
        D:2 |       2 |       0 |   0.0 |       1 |       0 |   0.0
            +---------+---------+-------+---------+---------+-------
